 Dungeon Crawl Stone Soup version 0.29.0-4-gdea44cf6ec (webtiles) character file.

Game seed: 9144182543120316476

2 qw the Sneak (level 1, 0/14 HPs)
             Began as a Gargoyle Delver on Sept 10, 2022.
             Slain by a kobold brigand
             ... wielding a +0 dagger
              (1 damage)
             ... on level 5 of the Dungeon.
             The game lasted 00:00:02 (21 turns).

qw the Sneak (Gargoyle Delver)                        Turns: 21, Time: 00:00:02

Health: 0/14       AC:  5    Str: 15    XL:     1   Next: 40%
Magic:  1/1        EV: 11    Int: 10    God:
Gold:   0          SH:  0    Dex: 11    Spells: 0/0 levels left

rFire   . . .      SeeInvis .   a - +0 hand axe
rCold   . . .      Faith    .   (no shield)
rNeg    + . .      Spirit   .   b - +0 leather armour
rPois   inf        Reflect  .   (no helmet)
rElec   +          Harm     .   (no cloak)
rCorr   .          Rampage  .   (no gloves)
Will    .....                   (no boots)
Stlth   +++.......              (no amulet)
HPRegen 0.04/turn               (no ring)
MPRegen 0.07/turn               (no ring)

@: no status effects
A: sickness immunity, AC +2, negative energy resistance 1, electricity
resistance, torment resistance 1, petrification resistance
a: no special abilities


You were on level 5 of the Dungeon.
You visited 1 branch of the dungeon, and saw 1 of its levels.


Innate Abilities, Weirdness & Mutations

You are immune to sickness and miasma.
Your stone body is resilient. (AC +2)
You are immune to poison.
You resist negative energy. (rN+)
You are resistant to electric shocks. (rElec)
You are resistant to unholy torment.
You are immune to petrification.


   Skills:
 - Level 3.2 Fighting
 + Level 2.0 Axes
 - Level 1.5 Dodging
 - Level 5.4 Stealth


You couldn't memorise any spells.
You didn't know any spells.
Your spell library was empty.

Inventory:

Hand Weapons
 a - a +0 hand axe (weapon)
Armour
 b - a +0 leather armour (worn)
Wands
 g - a wand of digging (3)
Potions
 f - a potion of haste

Dungeon Overview and Level Annotations

Branches:
Dungeon (5/15)
 Temple: D:4-7

Altars:


Message History

A kobold comes into view.
It is wielding a +0 whip of electrocution.
The kobold throws a stone.
The stone closely misses you.
A kobold brigand comes into view.
It is wielding a +0 dagger and quivering poisoned darts.
The kobold shouts!
You hear a shout!
The kobold throws a stone.
The stone misses you.
A kobold comes into view. It is wielding a +0 club.
A kobold comes into view. It is wielding a +0 whip.
Found a stone staircase leading down.
The kobold barely misses you.
The kobold hits you with a +2 whip of holy wrath.
The kobold shouts!
You hit the kobold.
The kobold is severely wounded.
You barely miss the kobold. You closely miss the kobold.
The kobold barely misses you. The kobold closely misses you.
You hit the kobold but do no damage.
The kobold is severely wounded.
You completely miss the kobold. You barely miss the kobold.
The kobold barely misses you. The kobold closely misses you.
You hit the kobold but do no damage.
The kobold is severely wounded.
You hit the kobold brigand. You hit the kobold.
You hit the kobold but do no damage. The kobold hits you but does no damage.
The kobold hits you with a +0 whip.
The kobold hits you with a +2 whip of holy wrath.
You hit the kobold.
You kill the kobold!
You barely miss the kobold brigand. You hit the kobold.
You kill the kobold!
You hit the kobold brigand but do no damage.
You miss the kobold.
The kobold brigand hits you with a +0 dagger. x2
The kobold completely misses you.
Your Axes skill increases to level 2!
You closely miss the kobold brigand.
The kobold brigand is lightly wounded.
You closely miss the kobold. You barely miss the kobold.
You barely miss the kobold brigand. You hit the kobold but do no damage.
The kobold brigand hits you with a +0 dagger.
You die...

#.##. #.#.. ..
.####.#.. ####.#
>...#.[.###....
.............####
....K............
..Y...KK......#####
....K.K@...........
....<.KK...........
.......K...>.....~~
......$........####
##.............#
#.............#
#..##.........# ...
#.........# ..
#.........#


You could see an ice beast, 2 kobold brigands and 6 kobolds.

Vanquished Creatures
  2 kobolds (D:5)
2 creatures vanquished.

Notes
Turn   | Place    | Note
-------+----------+-------------------------------------------
     0 | D:5      | qw the Gargoyle Delver began the quest for the Orb.
     0 | D:5      | Reached XP level 1. HP: 14/14 MP: 1/1
     0 | D:5      | 0 ||| qw: Version: 0.1-a-116-g5d60599
     0 | D:5      | 0 ||| qw: Game counter: 7983
     0 | D:5      | 0 ||| qw: Always use a shield: true
     0 | D:5      | 0 ||| qw: God list: Okawaru
     0 | D:5      | 0 ||| qw: Allow faded altars: false
     0 | D:5      | 0 ||| qw: Do Orc after D:15 true
     0 | D:5      | 0 ||| qw: Do second Lair branch before Depths: true
     0 | D:5      | 0 ||| qw: Lair rune preference: random
     0 | D:5      | 0 ||| qw: Plans: Normal
     0 | D:5      | 0 ||| PLANNING D:1-11
     0 | D:5      | 0 ||| DROPPING scroll of fog.
     1 | D:5      | 1 ||| DROPPING scroll of magic mapping.
     2 | D:5      | 2 ||| DROPPING scroll of fear.
    11 | D:5      | Noticed a kobold brigand
    12 | D:5      | Noticed an ice beast
    13 | D:5      | Noticed a kobold brigand
    20 | D:5      | HP: 2/14 [kobold brigand/+0 dagger (3)]
    21 | D:5      | Slain by a kobold brigand

Levels and vault maps discovered:
D:5:      layout_rooms, mainiacjoe_overflow_tiny_flanked,
          lightli_sewer_entry_pipes

Skill      XL: |  1 |
---------------+----+-----
Axes           | 2 |  2.0
Fighting       | |  3.2
Dodging        | |  1.5
Stealth        | |  5.4

Action                   || total
-------------------------++-------
Melee: Hand axe          ||     5
Armor: Leather armour    ||     2
Dodge: Dodged            ||     9

Table legend:
 A = Non-vault XP
 B = Vault XP
 C = Vault XP percentage of total XP
 D = Non-vault monster count
 E = Vault monster count
 F = Vault count percentage of total count
                 A         B        C        D         E       F
            +---------+---------+-------+---------+---------+-------
      Total |       4 |       0 |   0.0 |       2 |       0 |   0.0
            +---------+---------+-------+---------+---------+-------
        D:5 |       4 |       0 |   0.0 |       2 |       0 |   0.0
            +---------+---------+-------+---------+---------+-------
